 Dungeon Sprint DCSS version 0.26.1-11-gd32895ea62 (webtiles) character file.

Game seed: 17104423642818569051

38 Zeld the Gusty (level 3, 11/28 HPs)
             Began as a Tengu Air Elementalist on June 8, 2021.
             Quit the game in the Dungeon (Sprint IX: "|||||||||||||||||||||||||||||").
             The game lasted 00:00:33 (280 turns).

Zeld the Gusty (Tengu Air Elementalist)              Turns: 280, Time: 00:00:34

Health: 11/28      AC:  2    Str:  9    XL:     3   Next: 43%
Magic:  2/9        EV: 14    Int: 15    God:
Gold:   0          SH:  0    Dex: 14    Spells: 8/9 levels left

rFire    . . .     SeeInvis .   (no weapon)
rCold    . . .     Faith    .   (no shield)
rNeg     . . .     Spirit   .   a - +0 robe
rPois    .         Reflect  .   (helmet restricted)
rElec    .         Harm     .   (no cloak)
rCorr    .         Rampage  .   (no gloves)
Will     .....     NoTele   +   (boots unavailable)
Stlth    ..........             (no amulet)
HPRegen  0.09/turn              (no ring)
MPRegen  0.11/turn              (no ring)

@: berserking, seriously poisoned (11 -> 3), very quick
A: beak, talons 3
a: no special abilities


You were in the Dungeon.
You visited 1 branch

Inventory:

Armour
 a - a +0 robe (worn)
Scrolls
 h - a scroll of blinking
Potions
 c - a potion of curing
 d - a potion of heal wounds
 e - a potion of haste
 f - 2 potions of magic


   Skills:
 + Level 4.1 Dodging
 - Level 2.0 Stealth
 + Level 3.5 Spellcasting
 - Level 1.3 Conjurations
 * Level 7.2 Air Magic


You had 8 spell levels left.
You knew the following spells:

 Your Spells              Type           Power        Failure   Level
a - Shock                 Conj/Air       60%          3%          1

Your spell library contained the following spells:

 Spells                   Type           Power        Failure   Level
 Swiftness                Air            24%          1%          2
 Static Discharge         Conj/Air       15%          10%         3
 Airstrike                Air            12%          10%         4
 Lightning Bolt           Conj/Air       7%           65%         5


Dungeon Overview and Level Annotations

Branches:
Dungeon (1/1)

Altars:


Innate Abilities, Weirdness & Mutations

You have a beak for a mouth.
You have claws for feet.


Message History

You have reached level 2!
You hit the worker ant. Your kick misses the worker ant.
The worker ant is moderately wounded.
The worker ant bites you.
You are lethally poisoned!
The worker ant poisons you!
You punch the worker ant! Your kick misses the worker ant.
The worker ant is severely wounded.
You feel sick.
The worker ant bites you but does no damage.
You hit the worker ant. You claw the worker ant.
You kill the worker ant!
Your Dodging skill increases to level 4!
Your Spellcasting skill increases to level 3!
Your Air Magic skill increases to level 7!
You have reached level 3!
Your experience leads to an increase in your attributes!
Increase (S)trength, (I)ntelligence, or (D)exterity?
You feel stronger.
Are you sure you want to abandon this character and quit the game? (Confirm with "yes".) ▓▓▓▓▓▓▓▓▓▓▓▓▓▓▓▓▓▓ ▓<..@†OoB..'.....+ ▓▓▓▓▓▓▓▓▓▓▓▓▓▓▓▓▓▓

You could see an ogre, a worker ant and an orc.

Vanquished Creatures
  A worker ant (D)
  An adder (D)
  2 jackals (D)
  A kobold (D)
  2 rats (D)
7 creatures vanquished.

Notes
Turn   | Place    | Note
-------+----------+-------------------------------------------
     0 | D        | Zeld the Tengu Air Elementalist began the quest for the
                  | Orb.
     0 | D        | Reached XP level 1. HP: 10/10 MP: 4/4
   252 | D        | Reached skill level 5 in Air Magic
   263 | D        | Noticed a worker ant
   263 | D        | Noticed an ogre
   263 | D        | Noticed a worker ant
   277 | D        | Reached skill level 6 in Air Magic
   277 | D        | Reached XP level 2. HP: 11/15 MP: 2/6
   280 | D        | Reached skill level 7 in Air Magic
   280 | D        | Reached XP level 3. HP: 11/19 MP: 2/9
   280 | D        | Quit the game

Illustrated notes

Levels and vault maps discovered:
D:        linesprint [early_d, line_temple, items_1, d_10, items_2, lair_1,
          lair_end, items_3, orc_1, orc_end, items_4, d_15, swamp_1, shoals_1,
          snake_1, spider_1, d_20, vaults_1, items_5, swamp_end, shoals_end,
          snake_end, spider_end, vaults_end, d_27, items_6, zot_1, zot_end,
          crypt_end, forest_end, elf_end, slime_end, tomb_end, abyss_end,
          pan_hell_end]

Skill      XL: |  1  2 |
---------------+-------+-----
Air Magic      | 6 7 |  7.2
Dodging        | 3 4 |  4.1
Spellcasting   | 3 |  3.5
Stealth        | |  2.0
Conjurations   | |  1.3

Action                   || total
-------------------------++-------
Melee: Unarmed           ||    10
       Kick              ||     3
       Peck              ||     1
 Cast: Shock             ||     8
  Use: Potion            ||     1
Armor: Robe              ||     2
Dodge: Dodged            ||     6
